PAAA
PLYMOUTH ROCKS @ BAKERSFIELD NOBLES
07/05/2028
 
TOP OF THE 1ST
Plymouth Rocks batting - Pitching for Bakersfield Nobles : RHP Doug Carlton
Pitching: RHP Doug Carlton
Batting: LHB José Castillo 0-0: Bunted foul
0-1: Swinging Strike
0-2: Foul Ball, location: 2F
0-2: Foul Ball, location: 2F
0-2: Ball
1-2: Fly out, F8 (Flyball, 8RM)
Batting: RHB Chris Teague 0-0: Called Strike
0-1: Ball
1-1: SINGLE (Groundball, 6) (infield hit)
Pinch Runner at 1st Ken Fulton:
Batting: LHB Ned Durand 0-0: SINGLE (Flyball, 89S)
Ken Fulton to second
Runner from 2nd tries for 3rd, SAFE, throw made to third
Batting: RHB Casey Cavell 0-0: Foul Ball, location: 2F
0-1: Called Strike
0-2: Ball
1-2: Grounds into double play, 6-4-3 (Groundball, 6)
Top of the 1st over - 0 run(s), 2 hit(s), 0 error(s), 1 left on base; Plymouth 0 - Bakersfield 0
BOTTOM OF THE 1ST
Bakersfield Nobles batting - Pitching for Plymouth Rocks : LHP Rio Bavin
Pitching: LHP Rio Bavin
Now at C: Ken Fulton
Batting: RHB Cristo González 0-0: Ball
1-0: Called Strike
1-1: Ball
2-1: Foul Ball, location: 2F
2-2: Strikes out swinging
Batting: RHB Vincente Flores 0-0: Ground out 5-3 (Groundball, 56S)
Batting: LHB Theo Fightmaster 0-0: Foul Ball, location: 2F
0-1: Ball
1-1: Swinging Strike
1-2: Ball
2-2: Strikes out swinging
Bottom of the 1st over - 0 run(s), 0 hit(s), 0 error(s), 0 left on base; Plymouth 0 - Bakersfield 0
TOP OF THE 2ND
Plymouth Rocks batting - Pitching for Bakersfield Nobles : RHP Doug Carlton
Batting: SHB Melito Báez 0-0: Foul Ball, location: 2F
0-1: Ball
1-1: Ball
2-1: Swinging Strike
2-2: Strikes out looking
Batting: RHB Pedro Morales 0-0: Ball
1-0: Ball
2-0: Ground out 5-3 (Groundball, 56)
Batting: LHB Jorge Borbón 0-0: Foul Ball, location: 2F
0-1: Ground out 1-3 (Groundball, 15)
Top of the 2nd over - 0 run(s), 0 hit(s), 0 error(s), 0 left on base; Plymouth 0 - Bakersfield 0
BOTTOM OF THE 2ND
Bakersfield Nobles batting - Pitching for Plymouth Rocks : LHP Rio Bavin
Batting: RHB Juan Tapia 0-0: Swinging Strike
0-1: Ball
1-1: Ball
2-1: Ball
3-1: Base on Balls
Batting: RHB Alfredo García 0-0: Called Strike
0-1: DOUBLE (Line Drive, 8LD)
Juan Tapia to third
Batting: RHB Wade Killefer 0-0: Ball
1-0: Ball
2-0: Ball
3-0: Base on Balls
Batting: RHB Robert Paulsen 0-0: SINGLE (Line Drive, 78M)
Juan Tapia scores
Alfredo García to third
Wade Killefer to second
Batting: SHB León Estrada 0-0: Ball
1-0: Ball
2-0: Ball
3-0: Called Strike
3-1: Base on Balls
Alfredo García scores
Wade Killefer to third
Robert Paulsen to second
Batting: RHB Abílio Conceio 0-0: Ball
1-0: Ball
2-0: Ball
3-0: Base on Balls
Wade Killefer scores
Robert Paulsen to third
León Estrada to second
Batting: RHB Cristo González 0-0: Ball
1-0: Called Strike
1-1: Ball
2-1: Foul Ball, location: 2F
2-2: Ball
3-2: Foul Ball, location: 2F
3-2: Fly out, F8 (Flyball, 8RD)
Runner from 3rd tags up, SCORES, no throw
Batting: RHB Vincente Flores 0-0: Swinging Strike
0-1: Ground out U3 (Groundball, 3S)
León Estrada to third
Abílio Conceio to second
Batting: LHB Theo Fightmaster 0-0: Swinging Strike
0-1: Fly out, F6 (Popup, 56D)
Bottom of the 2nd over - 4 run(s), 2 hit(s), 0 error(s), 2 left on base; Plymouth 0 - Bakersfield 4
TOP OF THE 3RD
Plymouth Rocks batting - Pitching for Bakersfield Nobles : RHP Doug Carlton
Batting: RHB Clarence Fox 0-0: Ball
1-0: Ball
2-0: Ball
3-0: Base on Balls
Batting: RHB Andrew Weeks 0-0: Ball
1-0: SINGLE (Groundball, 56D)
Clarence Fox to second
Batting: LHB José Castillo 0-0: Called Strike
0-1: Fly out, F9 (Flyball, 89S)
Batting: RHB Ken Fulton 0-0: Called Strike
0-1: Ball
1-1: Foul Ball, location: 2F
1-2: Foul Ball, location: 2F
1-2: Foul Ball, location: 2F
1-2: Strikes out looking
Batting: LHB Ned Durand 0-0: Ball
1-0: 3-RUN HOME RUN (Flyball, 89XD), Distance : 402 ft
Batting: RHB Casey Cavell 0-0: Called Strike
0-1: Ball
1-1: Fly out, F8 (Flyball, 8LS)
Top of the 3rd over - 3 run(s), 2 hit(s), 0 error(s), 0 left on base; Plymouth 3 - Bakersfield 4
BOTTOM OF THE 3RD
Bakersfield Nobles batting - Pitching for Plymouth Rocks : LHP Rio Bavin
Batting: RHB Juan Tapia 0-0: Swinging Strike
0-1: Foul Ball, location: 2F
0-2: Ball
1-2: Ball
2-2: SINGLE (Groundball, 6MD)
Batting: RHB Alfredo García 0-0: Ball
1-0: Foul Ball, location: 2F
1-1: Foul Ball, location: 2F
1-2: Ball
2-2: Strikes out swinging
Batting: RHB Wade Killefer 0-0: Ball
1-0: Grounds into double play, 6-4-3 (Groundball, 6)
Bottom of the 3rd over - 0 run(s), 1 hit(s), 0 error(s), 0 left on base; Plymouth 3 - Bakersfield 4
TOP OF THE 4TH
Plymouth Rocks batting - Pitching for Bakersfield Nobles : RHP Doug Carlton
Batting: SHB Melito Báez 0-0: Ball
1-0: Swinging Strike
1-1: Ball
2-1: Called Strike
2-2: Strikes out swinging
Batting: RHB Pedro Morales 0-0: Ball
1-0: Called Strike
1-1: Ball
2-1: Foul Ball, location: 2F
2-2: Ball
3-2: Strikes out swinging
Batting: LHB Jorge Borbón 0-0: DOUBLE (Flyball, 7D)
Batting: RHB Clarence Fox 0-0: Ball
1-0: Ball
2-0: Foul Ball, location: 2F
2-1: Swinging Strike
2-2: Ball
3-2: SINGLE (Groundball, 56D)
Jorge Borbón to third
Jorge Borbón scores
Batting: RHB Andrew Weeks 0-0: Foul Ball, location: 2F
0-1: Ball
1-1: Ball
2-1: Foul Ball, location: 2F
2-2: Ball
Clarence Fox is caught stealing 2nd base
Top of the 4th over - 1 run(s), 2 hit(s), 0 error(s), 0 left on base; Plymouth 4 - Bakersfield 4
BOTTOM OF THE 4TH
Bakersfield Nobles batting - Pitching for Plymouth Rocks : LHP Rio Bavin
Batting: RHB Robert Paulsen 0-0: Ball
1-0: Ball
2-0: Ball
3-0: Base on Balls
Batting: SHB León Estrada 0-0: Foul Ball, location: 2F
0-1: Ball
1-1: SINGLE (Groundball, 34D)
Robert Paulsen to second
Runner from 2nd tries for 3rd, SAFE, throw made to third
Batting: RHB Abílio Conceio 0-0: Called Strike
0-1: Foul Ball, location: 2F
0-2: Ball
1-2: Strikes out swinging
Batting: RHB Cristo González 0-0: SINGLE (Groundball, 6MD)
Robert Paulsen scores
León Estrada to second
Runner from 2nd tries for 3rd, SAFE, throw made to third
Cristo González to second
Batting: RHB Vincente Flores 0-0: Fly out, F7 (Line Drive, 7S)
Runner from 3rd tags up, SCORES, no throw
Now in LF: Roku Hara
Batting: LHB Theo Fightmaster 0-0: Ball
1-0: Foul Ball, location: 2F
1-1: Ball
2-1: Foul Ball, location: 2F
2-2: Fly out, F9 (Flyball, 9)
Bottom of the 4th over - 2 run(s), 2 hit(s), 0 error(s), 1 left on base; Plymouth 4 - Bakersfield 6
TOP OF THE 5TH
Plymouth Rocks batting - Pitching for Bakersfield Nobles : RHP Doug Carlton
Batting: RHB Andrew Weeks 0-0: Called Strike
0-1: Foul Ball, location: 2F
0-2: Strikes out swinging
Batting: LHB José Castillo 0-0: Called Strike
0-1: Called Strike
0-2: Strikes out swinging
Batting: RHB Ken Fulton 0-0: Ball
1-0: Ball
2-0: Called Strike
2-1: Foul Ball, location: 2F
2-2: Ball
3-2: Ground out 6-3 (Groundball, 6)
Top of the 5th over - 0 run(s), 0 hit(s), 0 error(s), 0 left on base; Plymouth 4 - Bakersfield 6
BOTTOM OF THE 5TH
Bakersfield Nobles batting - Pitching for Plymouth Rocks : LHP Rio Bavin
Batting: RHB Juan Tapia 0-0: Foul Ball, location: 2F
0-1: Foul Ball, location: 2F
0-2: Ground out 1-3 (Groundball, P)
Batting: RHB Alfredo García 0-0: Ball
1-0: Called Strike
1-1: Called Strike
1-2: Fly out, F3 (Popup, 3L)
Batting: RHB Wade Killefer 0-0: Ball
1-0: Swinging Strike
1-1: Foul Ball, location: 2F
1-2: Strikes out looking
Bottom of the 5th over - 0 run(s), 0 hit(s), 0 error(s), 0 left on base; Plymouth 4 - Bakersfield 6
TOP OF THE 6TH
Plymouth Rocks batting - Pitching for Bakersfield Nobles : RHP Doug Carlton
Batting: LHB Ned Durand 0-0: Ball
1-0: Called Strike
1-1: Ball
2-1: Called Strike
2-2: Foul Ball, location: 2F
2-2: Ball
3-2: Foul Ball, location: 2F
3-2: Foul Ball, location: 2F
3-2: DOUBLE (Line Drive, 7D)
Batting: SHB Roku Hara 0-0: Called Strike
0-1: Called Strike
0-2: Ball
1-2: Ball
2-2: Ball
3-2: Foul Ball, location: 2F
3-2: Foul Ball, location: 2F
3-2: Strikes out swinging
Batting: SHB Melito Báez 0-0: Foul Ball, location: 2F
0-1: Ball
1-1: Ball
2-1: Fly out, F8 (Flyball, 8LS)
Batting: RHB Pedro Morales 0-0: Ball
1-0: Ball
2-0: Foul Ball, location: 2F
2-1: Foul Ball, location: 2F
2-2: Foul Ball, location: 2F
2-2: Foul Ball, location: 2F
2-2: Ball
3-2: Base on Balls
Pitching: RHP Kyung-un Yi
Batting: LHB Jorge Borbón 0-0: Ball
1-0: Swinging Strike
1-1: Foul Ball, location: 2F
1-2: Foul Ball, location: 2F
1-2: Ball
2-2: Fly out, F3 (Popup, 3L)
Top of the 6th over - 0 run(s), 1 hit(s), 0 error(s), 2 left on base; Plymouth 4 - Bakersfield 6
BOTTOM OF THE 6TH
Bakersfield Nobles batting - Pitching for Plymouth Rocks : LHP Rio Bavin
Batting: RHB Robert Paulsen 0-0: Ball
1-0: Ground out 6-3 (Groundball, 6M)
Batting: SHB León Estrada 0-0: Ball
1-0: Foul Ball, location: 2F
1-1: Fly out, F5 (Popup, 5L)
Batting: RHB Abílio Conceio 0-0: Ball
1-0: Ball
2-0: Foul Ball, location: 2F
2-1: Foul Ball, location: 2F
2-2: Ball
3-2: Foul Ball, location: 2F
3-2: Ground out 5-3 (Groundball, 56)
Bottom of the 6th over - 0 run(s), 0 hit(s), 0 error(s), 0 left on base; Plymouth 4 - Bakersfield 6
TOP OF THE 7TH
Plymouth Rocks batting - Pitching for Bakersfield Nobles : RHP Kyung-un Yi
Batting: RHB Clarence Fox 0-0: Ball
1-0: Called Strike
1-1: Swinging Strike
1-2: Ball
2-2: SINGLE (Groundball, 34D)
Batting: RHB Andrew Weeks 0-0: Foul Ball, location: 2F
0-1: Ball
1-1: Fly out, F9 (Flyball, 9S)
Batting: LHB José Castillo 0-0: Ball
1-0: Called Strike
1-1: Ball
2-1: Ball
3-1: Fly out, F8 (Flyball, 8LS)
Batting: RHB Ken Fulton 0-0: Ball
1-0: Foul Ball, location: 2F
1-1: Ball
2-1: Ball
3-1: Foul Ball, location: 2F
3-2: Strikes out swinging, 2-3 out at first.
Top of the 7th over - 0 run(s), 1 hit(s), 0 error(s), 1 left on base; Plymouth 4 - Bakersfield 6
BOTTOM OF THE 7TH
Bakersfield Nobles batting - Pitching for Plymouth Rocks : LHP Rio Bavin
Batting: RHB Cristo González 0-0: Fly out, F8 (Flyball, 8LD)
Batting: RHB Vincente Flores 0-0: Fly out, F7 (Line Drive, 78S)
Batting: LHB Theo Fightmaster 0-0: Fly out, F9 (Line Drive, 9)
Bottom of the 7th over - 0 run(s), 0 hit(s), 0 error(s), 0 left on base; Plymouth 4 - Bakersfield 6
TOP OF THE 8TH
Plymouth Rocks batting - Pitching for Bakersfield Nobles : RHP Kyung-un Yi
Pitching: LHP Bastião Shwerin
Batting: LHB Ned Durand 0-0: Ball
1-0: Called Strike
1-1: Foul Ball, location: 2F
1-2: SOLO HOME RUN (Line Drive, 89XD), Distance : 412 ft
Pitching: RHP Robinson Gonzáles
Batting: SHB Roku Hara 0-0: Called Strike
0-1: Foul Ball, location: 2F
0-2: Strikes out swinging
Pitching: RHP Kirby Brown
Batting: SHB Melito Báez 0-0: Foul Ball, location: 2F
0-1: Called Strike
0-2: Ball
1-2: Strikes out swinging
Batting: RHB Pedro Morales 0-0: Swinging Strike
0-1: Ball
1-1: Swinging Strike
1-2: Ball
2-2: Ball
3-2: Foul Ball, location: 2F
3-2: Strikes out swinging
Top of the 8th over - 1 run(s), 1 hit(s), 0 error(s), 0 left on base; Plymouth 5 - Bakersfield 6
BOTTOM OF THE 8TH
Bakersfield Nobles batting - Pitching for Plymouth Rocks : LHP Rio Bavin
Batting: RHB Juan Tapia 0-0: Swinging Strike
0-1: Ground out 5-3 (Groundball, 56)
Batting: RHB Alfredo García 0-0: Ball
1-0: Ground out 5-3 (Groundball, 56S)
Batting: RHB Wade Killefer 0-0: Called Strike
0-1: Ball
1-1: Swinging Strike
1-2: SINGLE (Groundball, 6D)
Pitching: LHP Roberto Aguirre
Pinch Hitting: RHB Chandler Bailey 0-0: Ball
1-0: Swinging Strike
1-1: Ball
2-1: Fielders Choice at 2nd, 6-4 (Groundball, 6)
Bottom of the 8th over - 0 run(s), 1 hit(s), 0 error(s), 0 left on base; Plymouth 5 - Bakersfield 6
TOP OF THE 9TH
Plymouth Rocks batting - Pitching for Bakersfield Nobles : RHP Kirby Brown
Pitching: LHP Luis Ochoa
Now in CF: Hideki Hisanobu
Batting: LHB Jorge Borbón 0-0: Ball
1-0: Ball
2-0: Called Strike
2-1: Foul Ball, location: 2F
2-2: Foul Ball, location: 2F
2-2: Ground out 4-3 (Groundball, 4S)
Batting: RHB Clarence Fox 0-0: Called Strike
0-1: Ball
1-1: Ball
2-1: Ball
3-1: Base on Balls
Batting: RHB Andrew Weeks 0-0: Called Strike
0-1: Ball
1-1: Foul Ball, location: 2F
1-2: Ground out 5-3 (Groundball, 56)
Clarence Fox to second
Pinch Hitting: RHB Miguel Rodríguez 0-0: SINGLE (Groundball, 4MD)
Clarence Fox to third
Runner from 3rd tries for Home, SAFE, no throw
Batting: RHB Ken Fulton 0-0: Ball
1-0: Swinging Strike
1-1: Swinging Strike
1-2: Fielders Choice at 2nd, 6-4 (Groundball, 6)
Top of the 9th over - 1 run(s), 1 hit(s), 0 error(s), 0 left on base; Plymouth 6 - Bakersfield 6
BOTTOM OF THE 9TH
Bakersfield Nobles batting - Pitching for Plymouth Rocks : LHP Roberto Aguirre
Pitching: RHP Jamel Rhoads
Now in RF: Miguel Rodríguez
Batting: SHB León Estrada 0-0: Ball
1-0: Called Strike
1-1: SINGLE (Groundball, 25) (infield hit)
Batting: RHB Abílio Conceio 0-0: Bunt - Flyout! F2
Pinch Hitting: LHB Timmy Appeldoorn 0-0: Called Strike
0-1: SINGLE (Flyball, 8RS)
León Estrada to second
Batting: RHB Vincente Flores 0-0: Foul Ball, location: 2F
0-1: Grounds into double play, 6-4-3 (Groundball, 6)
Bottom of the 9th over - 0 run(s), 2 hit(s), 0 error(s), 1 left on base; Plymouth 6 - Bakersfield 6
TOP OF THE 10TH
Plymouth Rocks batting - Pitching for Bakersfield Nobles : LHP Luis Ochoa
Now at 3B: Bill Dennis
Batting: LHB Ned Durand 0-0: Called Strike
0-1: Swinging Strike
0-2: SOLO HOME RUN (Flyball, 89XD), Distance : 398 ft
Batting: SHB Roku Hara 0-0: Ball
1-0: Fly out, F9 (Flyball, 9LM)
Batting: SHB Melito Báez 0-0: Ball
1-0: SINGLE (Line Drive, 6MD)
Batting: RHB Pedro Morales 0-0: Ball
1-0: Ball
2-0: Ball
3-0: Foul Ball, location: 2F
3-1: Base on Balls
Melito Báez to second
Batting: LHB Jorge Borbón 0-0: 3-RUN HOME RUN (Flyball, 9D), Distance : 376 ft
Pitching: RHP Ricardo Gómez
Batting: RHB Clarence Fox 0-0: Ball
1-0: Ball
2-0: Fly out, F4 (Line Drive, 4)
Batting: RHB Andrew Weeks 0-0: Called Strike
0-1: Swinging Strike
0-2: Strikes out swinging
Top of the 10th over - 4 run(s), 3 hit(s), 0 error(s), 0 left on base; Plymouth 10 - Bakersfield 6
BOTTOM OF THE 10TH
Bakersfield Nobles batting - Pitching for Plymouth Rocks : RHP Jamel Rhoads
Batting: LHB Theo Fightmaster 0-0: Swinging Strike
0-1: Called Strike
0-2: Foul Ball, location: 2F
0-2: Ground out 4-3 (Groundball, 4)
Batting: RHB Juan Tapia 0-0: Ball
1-0: Called Strike
1-1: SINGLE (Line Drive, 7S)
Batting: RHB Alfredo García 0-0: Ball
1-0: Foul Ball, location: 2F
1-1: Ball
2-1: Grounds into double play, 6-4-3 (Groundball, 6)
Bottom of the 10th over - 0 run(s), 1 hit(s), 0 error(s), 0 left on base; Plymouth 10 - Bakersfield 6
Friday, August 11th, 2017 - OOTP Baseball 17.12 Build 75